 Dungeon Crawl Stone Soup version 0.29-a0-362-g5854e031c7 (webtiles) character file.

Game seed: 8287997197195529093

240 YayAnonymity the Poker (level 5, 0/38 HPs)
             Began as a Demonspawn Gladiator on Apr 30, 2022.
             Slain by a river rat (6 damage)
             ... in a sewer.
             The game lasted 00:04:26 (3363 turns).

YayAnonymity the Poker (Demonspawn Gladiator)       Turns: 3363, Time: 00:04:26

Health: 0/38       AC:  4    Str: 16    XL:     5   Next: 80%
Magic:  5/5        EV: 12    Int: 10    God:
Gold:   160        SH:  0    Dex: 14    Spells: 4/4 levels left

rFire   . . .      SeeInvis .   b - +4 hunting sling
rCold   . . .      Faith    .   (no shield)
rNeg    . . .      Spirit   .   h - +0 leather armour
rPois   .          Reflect  .   c - +0 helmet
rElec   .          Harm     .   (no cloak)
rCorr   .          Rampage  .   (no gloves)
Will    .....                   (no boots)
Stlth   +.........              (no amulet)
HPRegen 0.12/turn               (no ring)
MPRegen 0.09/turn               (no ring)

@: very slow
A: demonic guardian 1, foul stench 1
a: no special abilities


You were in a sewer.
You visited 1 branch of the dungeon, and saw 4 of its levels.
You also visited: Sewer.

You collected 160 gold pieces.

Inventory:

Hand Weapons
 a - a +0 trident
 b - a +4 hunting sling (weapon)
Missiles
 d - 3 throwing nets
 e - a javelin
 m - 3 poisoned darts
Armour
 c - a +0 helmet (worn)
 h - a +0 leather armour (worn)
Jewellery
 g - an amulet of faith
 n - a ring of positive energy
Scrolls
 i - 3 scrolls of enchant weapon
 j - 2 scrolls of noise {unknown}
 k - 4 scrolls of teleportation
 o - a scroll of blinking
 p - a scroll of immolation
 s - a scroll of torment {unknown}
Potions
 f - 4 potions of curing
 l - a potion of invisibility


   Skills:
 - Level 2.0 Fighting
 + Level 5.0 Polearms
 + Level 3.0(3.3) Slings
 - Level 1.7(2.6) Throwing
 - Level 2.6 Dodging


You had 4 spell levels left.
You didn't know any spells.
Your spell library contained the following spells:

 Spells                   Type           Power      Damage    Failure   Level
 Slow                     Hex            0%         N/A       43%         1
 Blink                    Tloc           0%         N/A       56%         2
 Confusing Touch          Hex            0%         N/A       80%         3
 Vampiric Draining        Necr           0%         2d6       80%         3
 Manifold Assault         Tloc           0%         N/A       100%        5
 Storm Form               Tmut/Air       0%         N/A       100%        7


Dungeon Overview and Level Annotations

Branches:
Dungeon (4/15)              Sewer (1/1)
 Temple: D:4-7

Altars:
Ru

Shops:
D:2 !*   D:3 =


Innate Abilities, Weirdness & Mutations

A weak demonic guardian rushes to your aid.
You may rarely emit foul miasma when damaged in melee.


Message History

Your white imp gestures at the river rat.
The puff of frost hits the river rat!
The river rat twitches its whiskers.
The river rat closely misses you.
Your Polearms skill increases to level 5!
You shoot a sling bullet.
The sling bullet barely misses the river rat.
The river rat bites you. The river rat bites your white imp!
The river rat bites your white imp but does no damage.
Your white imp hits the river rat.
Your white imp freezes the river rat.
You shoot a sling bullet.
The sling bullet hits the river rat but does no damage.
The river rat is heavily wounded.
The river rat bites you.
The river rat bites your white imp but does no damage.
The river rat bites your white imp!
Your white imp dies!
Your white imp disappears in a puff of smoke!
You are too injured to fight recklessly!
You are too injured to fight recklessly!
You are too injured to fight recklessly!
You are too injured to fight recklessly!
The river rat attacks as you move away! The river rat closely misses you.
The river rat attacks as you move away! The river rat bites you.
You enter the shallow water.
Moving in this stuff is going to be slow.
The river rat barely misses you. The river rat attacks as you move away!
The river rat bites you!
* * * LOW HITPOINT WARNING * * *
You enter the shallow water.
Moving in this stuff is going to be slow.
Fire: b) +4 hunting sling
Press: ? - help, Q - select action, (/) - cycle Shift-Dir - straight line, f/p - river rat
Aim: a river rat (heavily wounded, 60% to hit)
You shoot a sling bullet.
The sling bullet closely misses the river rat.
The sling bullet hits the river rat!
The river rat is severely wounded.
The river rat bites you.
You die...

.≈≈≈≈≈≈≈≈≈≈..≈≈≈≈.≈≈≈≈≈≈≈≈≈≈
≈≈≈≈≈≈≈≈≈≈≈≈≈≈≈≈≈≈≈≈.≈≈≈≈≈≈≈
≈≈.≈≈≈≈≈≈≈≈≈≈.†..≈≈≈≈≈≈≈≈≈≈≈
##################≈≈≈#######
###### #≈≈≈# #....# #≈≈.#
+#####'†#####≈≈≈#
.........r≈.≈≈≈.#
........r≈r@≈÷≈≈#
+#####''#####≈≈≈# #....
#≈≈.# ###### #≈≈≈# #≈≈≈#
≈≈≈≈# ≈.≈.#


You could see 3 river rats.

Vanquished Creatures
  A necrophage (D:3)
  7 adders
  A river rat (Sewer)
  An ufetubus (D:4)
  2 worms
  A dart slug (D:2)
  8 endoplasms
  6 giant cockroaches
  11 goblins
  4 hobgoblins
  8 jackals
  5 quokkas
  7 ball pythons
  10 bats
  10 frilled lizards
  7 kobolds
  6 rats
95 creatures vanquished.

Notes
Turn   | Place    | Note
-------+----------+-------------------------------------------
     0 | D:1      | YayAnonymity the Demonspawn Gladiator began the quest for
                  | the Orb.
     0 | D:1      | Reached XP level 1. HP: 16/16 MP: 1/1
   146 | D:1      | Noticed a great orb of eyes
   151 | D:1      | Noticed a floating eye
   153 | D:1      | Found a faded altar of an unknown god.
   155 | D:1      | Noticed a great orb of eyes
   155 | D:1      | Noticed a floating eye
   164 | D:1      | Reached skill level 3 in Polearms
   178 | D:1      | Gained mutation: A weak demonic guardian rushes to your
                  | aid. [demonic ancestry]
   178 | D:1      | Reached XP level 2. HP: 22/22 MP: 2/2
  1214 | D:2      | Found Qainegh's General Store.
  1223 | D:2      | Reached XP level 3. HP: 14/27 MP: 3/3
  1579 | D:2      | Reached skill level 1 in Slings
  1615 | D:2      | Found Eloth's Distillery.
  1627 | D:2      | Reached skill level 4 in Polearms
  1864 | D:2      | Gained mutation: You may rarely emit foul miasma when
                  | damaged in melee. [demonic ancestry]
  1864 | D:2      | Reached XP level 4. HP: 29/33 MP: 4/4
  2277 | D:3      | Noticed a necrophage
  2294 | D:3      | Killed a necrophage
  2359 | D:3      | Reached XP level 5. HP: 26/38 MP: 5/5
  2500 | D:3      | Found a sacrificial altar of Ru.
  2550 | D:3      | Found Xoorud's Jewellery Shoppe.
  2563 | D:3      | Identified the +6 short sword of Impatience {holy, rPois
                  | rF- rCorr Dex+7}
  2899 | D:4      | Found a glowing drain.
  2977 | Sewer    | Entered a sewer
  3357 | Sewer    | Reached skill level 5 in Polearms
  3363 | Sewer    | Slain by a river rat

Illustrated notes

Levels and vault maps discovered:
D:1:      evilmike_arrival_hilbert_curve, layout_basic,
          hellmonk_ecumenical_altar_watching_god
D:2:      layout_loops_ring, serial_shops, shop, shop,
          kennysheep_generic_room_16
D:3:      layout_basic, nicolae_ru_sacrificial_ziggurat, serial_shops,
          nicolae_shop_hallway_plus
D:4:      layout_loops_ring, gup_sewer_entry_glass, serial_shops,
          nicolae_shop_stone
Sewer:    sewer_fruit_machine

Skill      XL: |  1  2  3  4  5 |
---------------+----------------+-----
Polearms       | 3 4 5 |  5.0
Slings         | 1 2 3 |  3.0
Fighting       | |  2.0
Throwing       | |  1.7
Dodging        | |  2.6

Action                   |  1- 3 |  4- 6 || total
-------------------------+-------+-------++-------
Melee: Trident           |     7 |       ||     7
 Fire: Hunting sling     |   110 |   149 ||   259
  Use: Scroll            |       |     8 ||     8
Armor: Leather armour    |    21 |    26 ||    47
Dodge: Dodged            |    50 |    60 ||   110

Table legend: (Time is in decaauts)
 A = Elapsed time spent in this place.
 B = Non-inter-level travel time spent in this place.
 C = Inter-level travel time spent in this place.
 D = Time resting spent in this place.
 E = Time spent auto-exploring this place.
 F = Levels seen in this place.
 G = Mean time per level.
                   A        B        C        D        E       F      G
               +--------+--------+--------+--------+--------+-----+--------+
         Total |   3515 |   3398 |    117 |    206 |   2555 |   5 |  703.0 |
       Dungeon |   3066 |   2949 |    117 |     38 |   2381 |   4 |  766.5 |
         Sewer |    449 |    449 |      0 |    168 |    174 |   1 |  449.0 |
               +--------+--------+--------+--------+--------+-----+--------+

Top non-repeatable levels by time:
     D:1: 1109 daAuts
     D:2: 1079 daAuts
     D:3: 713 daAuts
   Sewer: 449 daAuts
     D:4: 164 daAuts
